 Dungeon Crawl Stone Soup version 0.22.0 (webtiles) character file.

91 Matezma the Skirmisher (level 4, 42/42 HPs)
             Began as a Minotaur Berserker on Oct 28, 2018.
             Was a Believer of Trog.
             Quit the game on level 2 of the Dungeon.
             The game lasted 00:25:19 (1898 turns).

Matezma the Skirmisher (Minotaur Berserker)         Turns: 1898, Time: 00:25:19

Health: 42/42      AC:  5    Str: 22    XL:     4   Next: 33%
Magic:  3/3        EV: 11    Int:  4    God:    Trog [**....]
Gold:   70         SH:  0    Dex: 10    Spells: 3/3 levels left

rFire    + . .     SeeInvis +   g - +0 trident
rCold    . . .     Gourm    .   (no shield)
rNeg     . . .     Faith    .   h - +0 ring mail {rF+}
rPois    .         Spirit   .   (helmet restricted)
rElec    .         Reflect  .   (no cloak)
rCorr    .         Harm     .   (no gloves)
MR       .....                  (no boots)
Stlth    +.........             (no amulet)
HPRegen  0.14/turn              e - ring of see invisible
MPRegen  0.08/turn              (no ring)

@: no status effects
A: retaliatory headbutt, horns 2
a: Berserk, Trog's Hand, Renounce Religion


You were on level 2 of the Dungeon.
You worshipped Trog.
Trog was pleased with you.
You were not hungry.

You visited 1 branch of the dungeon, and saw 2 of its levels.

You collected 70 gold pieces.

Inventory:

Hand Weapons
 a - a +0 spear
 g - a +0 trident (weapon)
Missiles
 m - 24 arrows
Armour
 b - a +0 animal skin
 h - a +0 ring mail of fire resistance (worn)
Jewellery
 e - a ring of see invisible (left hand)
Scrolls
 k - 3 scrolls of enchant weapon {unknown}
 l - a scroll of amnesia {unknown}
 n - a scroll of identify {unknown}
Potions
 d - a potion of flight {unknown}
 f - 3 potions of heal wounds {unknown}
 i - a potion of degeneration {unknown}
 j - a potion of curing {unknown}
Comestibles
 c - 4 rations


   Skills:
 + Level 5.0 Fighting
 + Level 4.7 Polearms
 + Level 2.9 Armour
 + Level 2.5 Dodging
 - Level 0.3 Stealth


You had 3 spell levels left.
You didn't know any spells.
Your spell library was empty.

Dungeon Overview and Level Annotations

Branches:
Dungeon (2/15)

Altars:


Innate Abilities, Weirdness & Mutations

You reflexively headbutt those who attack you in melee.
You have a pair of horns on your head.


Message History

You kill Terence!
Trog accepts your kill.
Your Fighting skill increases to level 5!
You have reached level 4!
You feel agile.
Unknown command.
Things that are here:
a trident; a ring mail
Okay, then.
g - a trident
g - a +0 trident (weapon)
You start resting.
HP restored.
You now have 70 gold pieces (gained 13).
l - a scroll labeled KEMMAG ICEWKA
Found a stone staircase leading up.
n - a scroll labeled BIL KIOKAKUCLU
f - 3 bubbling yellow potions (gained 1) Done exploring.
Are you sure you want to abandon this character and quit the game? (Confirm with "yes".)

###############
#.........@...#####
#.#######...#.#...#
#######.# #.#.....#.#
......#.# #....#....#
#####.#.# #.#.....#.#
#####.#.#######.........#
.............##..#.######
.............##....#
.............##.####


There were no monsters in sight!

Vanquished Creatures
  Terence (D:2)
  2 adders (D:2)
  2 worms (D:2)
  A dart slug (D:1)
  5 bats
  4 giant cockroaches
  A goblin (D:1)
  10 hobgoblins
  3 jackals (D:2)
  3 frilled lizards
  2 kobolds
  3 rats
37 creatures vanquished.

Notes
Turn   | Place    | Note
-------+----------+-------------------------------------------
     0 | D:1      | Matezma the Minotaur Berserker began the quest for the Orb.
     0 | D:1      | Reached XP level 1. HP: 19/19 MP: 0/0
   109 | D:1      | Reached XP level 2. HP: 22/27 MP: 1/1
   131 | D:1      | Reached skill level 4 in Fighting
   322 | D:1      | Reached ** piety under Trog
   972 | D:2      | Reached XP level 3. HP: 27/34 MP: 2/2
  1588 | D:2      | Noticed Terence
  1614 | D:2      | Killed Terence
  1614 | D:2      | Reached skill level 5 in Fighting
  1614 | D:2      | Reached XP level 4. HP: 17/42 MP: 3/3
  1898 | D:2      | Quit the game

Skill      XL: |  1  2  3 |
---------------+----------+-----
Polearms       | 4 |  4.7
Fighting       | 4 5 |  5.0
Armour         | |  2.9
Dodging        | |  2.5
Stealth        | |  0.3

Action                   |  1- 3 |  4- 6 || total
-------------------------+-------+-------++-------
Melee: Spear             |   115 |       ||   115
       Headbutt          |    11 |       ||    11
  Eat: Ration            |     1 |       ||     1
       Chunk             |     1 |       ||     1
Armor: Animal skin       |     7 |       ||     7
       Ring mail         |    18 |       ||    18
Dodge: Dodged            |    53 |       ||    53
